 Seeded DCSS version 0.27.1 (webtiles) character file.

Game seed: 8893020885526710985 (custom seed)

45 voltaire321 the Skirmisher (level 3, -1/29 HPs)
             Began as a Demonspawn Fighter on Aug 30, 2021.
             Succumbed to a gnoll's poison
             ... on level 2 of the Dungeon.
             The game lasted 00:02:45 (1181 turns).

voltaire321 the Skirmisher (Demonspawn Fighter)     Turns: 1181, Time: 00:02:46

Health: -1/29      AC:  6    Str: 17    XL:     3   Next: 42%
Magic:  3/3        EV:  7    Int:  9    God:
Gold:   65         SH:  9    Dex: 12    Spells: 2/2 levels left

rFire    . . .     SeeInvis .   a - +0 long sword
rCold    . . .     Faith    .   c - +0 kite shield
rNeg     . . .     Spirit   .   b - +0 scale mail
rPois    .         Reflect  .   (no helmet)
rElec    .         Harm     .   (no cloak)
rCorr    .         Rampage  .   (no gloves)
Will     .....                  (no boots)
Stlth    ..........             (no amulet)
HPRegen  0.09/turn              (no ring)
MPRegen  0.08/turn              (no ring)

@: lethally poisoned (-1 -> -20)
A: powered by pain 1
a: no special abilities


You were on level 2 of the Dungeon.
You visited 1 branch of the dungeon, and saw 2 of its levels.

You collected 65 gold pieces.

Inventory:

Hand Weapons
 a - a +0 long sword (weapon)
Armour
 b - a +0 scale mail (worn)
 c - a +0 kite shield (worn)
Scrolls
 f - a scroll of immolation {unknown}
 g - 2 scrolls of magic mapping {unknown}
 j - a scroll of amnesia {unknown}
 k - a scroll of identify {unknown}
Potions
 d - a potion of might
 e - a potion of curing {unknown}
 h - 3 potions of heal wounds {unknown}
 i - a potion of resistance {unknown}
 l - a potion of flight {unknown}


   Skills:
 + Level 3.3 Fighting
 + Level 2.2 Long Blades
 + Level 3.0 Armour
 + Level 1.0 Dodging
 + Level 3.0 Shields


You had 2 spell levels left.
You didn't know any spells.
Your spell library was empty.

Dungeon Overview and Level Annotations

Branches:
Dungeon (2/15)

Altars:


Innate Abilities, Weirdness & Mutations

You sometimes gain a little power by taking damage.


Message History

A ball python comes into view.
You closely miss the ball python. The ball python barely misses you.
You riposte.
Your shield and scale mail prevent you from hitting the ball python.
You block the ball python's attack. x2; The ball python grabs you.
The ball python constricts you.
You hit the ball python.
You kill the ball python!
You see here a ball python corpse.
A gnoll comes into view. It is wielding a +0 whip.
The gnoll shouts!
A gnoll comes into view. It is wielding a +2 spear of venom.
The gnoll shouts!
You block the gnoll's attack.
You barely miss the gnoll. The gnoll hits you but does no damage.
You block the gnoll's attack.
You closely miss the gnoll.
The gnoll hits you from afar with a +2 spear of venom.
You are poisoned.
The gnoll hits you with a +0 whip.
A gnoll comes into view. It is wielding a +0 spear.
You feel very sick.
The gnoll shouts!
The gnoll barely misses you. The gnoll hits you but does no damage.
The gnoll moves out of view.
You hit the gnoll.
The gnoll is lightly wounded.
You feel very sick. You block the gnoll's attack. The gnoll closely misses you.
You riposte.
You slash the gnoll!
The gnoll is severely wounded.
You hit the gnoll.
The gnoll is moderately wounded.
You feel very sick. You block the gnoll's attack. x2
The gnoll hits you with a +2 spear of venom!
* * * LOW HITPOINT WARNING * * *
You are more poisoned.
You block the gnoll's attack.
You die...

#.###...####..#
#.#.......##..# ..#
#.#...........# ..#
#.#.......##.## ..#
#.###.g.####.# ..# #.# #...#
#.# ..# #######.####.## #.#
..# #...........g#####.# ..#
#.#####...g.@......# .†# #.#
######.####.## ..###.# #.# #>#
......# #.# #.# #.##### #.#
#.######.# #.#
#####.####.........
#.##########.................#
.....>...#.......#############
#............#####


You could see 3 gnolls.

Vanquished Creatures
  A gnoll (D:1)
  An adder (D:2)
  A dart slug (D:1)
  A ball python (D:2)
  4 bats (D:1)
  2 hobgoblins (D:1)
  3 jackals (D:1)
  A quokka (D:1)
  2 frilled lizards
  A goblin (D:1)
  4 kobolds (D:1)
  2 rats (D:1)
23 creatures vanquished.

Notes
Turn   | Place    | Note
-------+----------+-------------------------------------------
     0 | D:1      | voltaire321 the Demonspawn Fighter began the quest for the
                  | Orb.
     0 | D:1      | Reached XP level 1. HP: 18/18 MP: 1/1
    92 | D:1      | Gained mutation: You sometimes gain a little power by
                  | taking damage. [demonic ancestry]
    92 | D:1      | Reached XP level 2. HP: 18/24 MP: 2/2
   619 | D:1      | Reached XP level 3. HP: 19/29 MP: 3/3
  1087 | D:2      | Reached skill level 1 in Dodging
  1181 | D:2      | Succumbed to a gnoll's poison

Illustrated notes

Levels and vault maps discovered:
D:1:      tarquinn_simple_flora_water_b, layout_loops_ring, hex_medium
D:2:      layout_loops_ring, basic_altar, chequers_ecumenical_altar_island

Skill      XL: |  1  2  3 |
---------------+----------+-----
Long Blades    | 2 |  2.2
Shields        | 3 |  3.0
Armour         | 3 |  3.0
Dodging        | 1 |  1.0
Fighting       | |  3.3

Action                   || total
-------------------------++-------
Melee: Long sword        ||    66
Armor: Scale mail        ||    65
Dodge: Dodged            ||    39
Block: Kite shield       ||    53
       Rpst.: Long sword ||    17
